 Dungeon Crawl Stone Soup version 0.21-a0-153-g78480df (webtiles) character file.

7 Goblin1989 the Chopper (level 2, -1/25 HPs)
             Began as a Hill Orc Gladiator on July 31, 2017.
             Slain by a hobgoblin (5 damage)
             ... led by Robin
             ... on level 3 of the Dungeon.
             The game lasted 00:00:44 (64 turns).

Goblin1989 the Chopper (Hill Orc Gladiator)           Turns: 64, Time: 00:00:45

Health: -1/25      AC:  4    Str: 16    XL:     2   Next: 4%
Magic:  2/2        EV: 12    Int:  8    God:
Gold:   10         SH:  0    Dex: 12    Spells: 1/1 levels left

rFire    . . .     SeeInvis .   a - +0 war axe
rCold    . . .     Gourm    .   (no shield)
rNeg     . . .     Faith    .   b - +0 leather armour
rPois    .         Spirit   .   c - +0 helmet
rElec    .         Reflect  .   (no cloak)
rCorr    .         Harm     .   (no gloves)
MR       .....                  (no boots)
Stlth    +.........             (no amulet)
HPRegen  0.08/turn              (no ring)
MPRegen  0.08/turn              (no ring)

@: no status effects
A: no striking features
a: no special abilities


You were on level 3 of the Dungeon.
You were not hungry.

You visited 1 branch of the dungeon, and saw 3 of its levels.

You collected 10 gold pieces.

Inventory:

Hand Weapons
 a - a +0 war axe (weapon)
Missiles
 Z - 3 throwing nets (quivered) {!d}
Armour
 b - a +0 leather armour (worn)
 c - a +0 helmet (worn)
Scrolls
 Y - a scroll of enchant armour {unknown}
Potions
 X - a potion of might {unknown}
Comestibles
 e - a bread ration {@e1}


   Skills:
 - Level 2.4 Fighting
 + Level 4.7 Axes
 - Level 1.7 Throwing
 - Level 2.4 Dodging


You had one spell level left.
You didn't know any spells.

Dungeon Overview and Level Annotations

Branches:
Dungeon (3/15)

Altars:

Annotations:
D:3 Robin


Message History

Z - 3 throwing nets (quivered);
e - a bread ration You become a hell hound!
Welcome, Goblin1989 the Hill Orc Gladiator.
It is said that the Orb of Zot exists deep within this dungeon.
Press ? for a list of commands and other information.
Found a staircase leading out of the dungeon.
Y - a scroll labeled TAWEOG QIECLOX
There is a staircase leading out of the dungeon here.
You open the door.
There is an open door here.
Found a stone staircase leading down.
You now have 10 gold pieces.
You don't know any spells.
There is a stone staircase leading down here.
You climb downwards.
There is a stone staircase leading up here.
A rat comes into view.
You hit the rat.
You kill the rat!
You see here a rat corpse.
Found a stone staircase leading down.
X - a red potion
There is a stone staircase leading down here.
You climb downwards.
There is a stone staircase leading up here. 7 goblins, 3 hobgoblins and Robin come into view.
The goblin shouts! x2; The hobgoblin shouts! x2
The goblin unwields an uncursed dagger.
The goblin wields a hunting sling.
The goblin shoots a stone.
The stone hits you but does no damage.
Robin roars a battlecry!
The goblins go into a battle-frenzy!
The hobgoblin shouts!
The goblin shouts! x2
The goblin hits you but does no damage. The goblin barely misses you.
The goblin completely misses you.
You miss the goblin. You barely miss the goblin.
Your leather armour prevents you from hitting the goblin.
Robin throws the goblin at you! The goblin misses you. The goblin hits you.
The goblin hits you with a dagger. The goblin hits you but does no damage.
A goblin comes into view.
You take 7 damage, and have 11/18 hp.
MASSIVE DAMAGE!!
You completely miss the goblin.
The goblin shouts!
You slash the goblin!
You kill the goblin!
You closely miss the goblin. You completely miss the hobgoblin.
You barely miss the goblin.
Robin roars a battlecry!
The goblin goes into a battle-frenzy!
The goblin hits you but does no damage. x2; The hobgoblin barely misses you.
The goblin closely misses you.
The goblin unwields an uncursed hunting sling.
The goblin wields an uncursed dagger.
The goblin misses you.
You hit the goblin.
You kill the goblin!
You barely miss the goblin. x2; You hit the hobgoblin but do no damage.
You barely miss the goblin.
Robin says, "Kneel, worm!"
Robin throws the goblin at you! The goblin hits you but does no damage.
The hobgoblin hits you but does no damage.
The goblin hits you with an uncursed dagger.
* * * LOW HITPOINT WARNING * * *
The goblin hits you.
* * * LOW HITPOINT WARNING * * *
The goblin misses you.
You take 7 damage, and have 4/18 hp.
MASSIVE DAMAGE!!
You hit the goblin.
You kill the goblin!
You hit the goblin. You slash the goblin!
You kill the goblin!
You hit the hobgoblin. You closely miss the goblin.
The goblin barely misses you. The hobgoblin completely misses you.
The goblin hits you with a dagger.
* * * LOW HITPOINT WARNING * * *
The hobgoblin closely misses you. The goblin misses you.
You take 2 damage, and have 2/18 hp.
You hit the goblin.
You kill the goblin!
You have reached level 2!
You closely miss the hobgoblin. You miss the goblin.
You barely miss the hobgoblin. You barely miss the goblin.
The hobgoblin hits you but does no damage.
Robin throws the goblin at you! The hobgoblin hits you.
You die...

....█.█
███.█.█..
.........
.......:██████
........█...<█
.......g█.████
.....ggg█.█
......g@█.█
......g.█.█
.......g..█
█████...███
█.......
█.......
█........
█........
██........


You could see Robin, 3 hobgoblins and 3 goblins.

Vanquished Creatures
  5 goblins (D:3)
  A rat (D:2)
6 creatures vanquished.

Notes
Turn   | Place    | Note
-------+----------+-------------------------------------------
     0 | D:1      | Goblin1989 the Hill Orc Gladiator began the quest for the Orb.
     0 | D:1      | Reached XP level 1. HP: 18/18 MP: 1/1
    57 | D:3      | Noticed Robin
    64 | D:3      | Reached XP level 2. HP: 4/25 MP: 2/2
    64 | D:3      | Slain by a hobgoblin

Vault maps used:
D:1:      dpeg_arrival_houses_and_road
D:2:      first_bread
D:3:      chequers_ecumenical_altar_lobes, uniq_robin

Action                   || total
-------------------------++-------
Melee: War axe           ||     6
Armor: Leather armour    ||     8
Dodge: Dodged            ||    11

Vault maps used:
D:1:      dpeg_arrival_houses_and_road
D:2:      first_bread
D:3:      chequers_ecumenical_altar_lobes, uniq_robin
